 Dungeon Crawl Stone Soup version 0.27-a0-277-g024f7ef292 (webtiles) character file.

Game seed: 1076585422840491945

253 Astera the Insei (level 6, 0/38 HPs)
             Began as an Octopode Transmuter on Feb 7, 2021.
             Succumbed to a worker ant's poison
             ... on level 4 of the Dungeon.
             The game lasted 00:26:11 (5036 turns).

Astera the Insei (Octopode Transmuter)              Turns: 5036, Time: 00:26:12

Health: 0/38       AC:  1    Str:  9    XL:     6   Next: 14%
Magic:  10/10      EV: 13    Int: 18    God:
Gold:   163        SH:  0    Dex: 12    Spells: 4/10 levels left

rFire    . . .     SeeInvis +     - Unarmed
rCold    . . .     Faith    .   (no shield)
rNeg     . . .     Spirit   .   (helmet restricted)
rPois    .         Reflect  .   m - amulet of magic regeneration
rElec    .         Harm     .   p - ring of see invisible
rCorr    .         Rampage  .   (no ring)
Will     .....                  (no ring)
Stlth    +++.......             (no ring)
HPRegen  0.12/turn              (no ring)
MPRegen  0.37/turn              (no ring)
                                (no ring)
                                (no ring)

@: lethally poisoned (0 -> -6), attractive
A: almost no armour, stealthy swim, amphibious, 8 rings, constrict 8, camouflage
1, screaming 1, gelatinous body 1, MP-powered wands
a: no special abilities


You were on level 4 of the Dungeon.
You visited 1 branch of the dungeon, and saw 4 of its levels.

You collected 163 gold pieces.

Inventory:

Missiles
 a - 10 boomerangs
 g - 8 javelins
 h - a throwing net
Jewellery
 m - an amulet of magic regeneration (around mantle)
 p - a ring of see invisible (left tentacle)
Wands
 l - a wand of flame (12)
 n - a wand of digging (3)
Scrolls
 b - 2 scrolls of amnesia {unknown}
 c - 4 scrolls of teleportation {unknown}
 e - 6 scrolls of identify {unknown}
 j - a scroll of fog {unknown}
 o - a scroll of random uselessness {unknown}
 q - a scroll of fear {unknown}
Potions
 d - 2 potions of mutation
 f - 4 potions of attraction
 i - a potion of degeneration {unknown}
 k - a potion of magic {unknown}


   Skills:
 + Level 1.2 Fighting
 + Level 2.4 Dodging
 * Level 4.0 Stealth
 + Level 4.2 Unarmed Combat
 + Level 2.9 Spellcasting
 * Level 3.3 Transmutations


You had 4 spell levels left.
You knew the following spells:

 Your Spells              Type           Power        Failure   Level
a - Beastly Appendage     Tmut           28%          4%          1
b - Spider Form           Tmut/Pois      4%           26%         3
c - Wereblood             Tmut           14%          6%          2

Your spell library contained the following spells:

 Spells                   Type           Power        Failure   Level
 Ice Form                 Ice/Tmut       8%           63%         4
 Blade Hands              Tmut           7%           75%         5


Dungeon Overview and Level Annotations

Branches:
Dungeon (4/15)
 Temple: D:4-7

Altars:


Innate Abilities, Weirdness & Mutations

You cannot wear most types of armour.
You are very stealthy in the water. (Stealth+)
You are amphibious.
You can wear up to eight rings at the same time.
You can use your tentacles to constrict eight enemies at once.
Your skin changes colour to match your surroundings (Stealth+).
Your rubbery body absorbs attacks. (AC +1, EV +1)
You occasionally shout uncontrollably at your foes.
You expend magic power (3 MP) to strengthen your wands.


Message History

You grab the orc priest.
The orc priest is heavily wounded.
Your tentacle spike disappears.
You constrict the orc priest.
You feel sick. The worker ant bites you.
The ooze jiggles.
The orc priest mumbles some strange prayers to Beogh against you.
Pain shoots through your body!
* * * LOW HITPOINT WARNING * * *
The worker ant bites you.
* * * LOW HITPOINT WARNING * * *
You release your grip on the orc priest.
* * * LOW HITPOINT WARNING * * *
You feel sick.
It was a potion of attraction.
You feel attractive to monsters. The orc priest barely misses you.
It was a potion of mutation.
You feel extremely strange.
You feel the urge to shout.
You feel your magical essence link to the dungeon's wands.
You die...

# #..........#### ###.
#.>..........#
....###......####..#
#.........^o.# #..#
#............# #..#
#............# #..#
#......#'##### #..#
#......o.# #..#
#......#@# ####
#......#.#
#...o..#.################
#......#..........'......
##J################.....#
#' ####### .


You could see an orc priest.

Vanquished Creatures
  A hound (D:4)
  An iguana (D:4)
  A worker ant (D:4)
  A hound skeleton (D:2)
  3 adders
  5 oozes
  3 worms
  5 dart slugs
  5 leopard geckos
  8 orcs
  8 bats
  2 giant cockroaches
  4 goblins
  8 hobgoblins
  9 jackals
  7 kobolds
  2 quokkas (D:2)
  4 frilled lizards
  6 rats
83 creatures vanquished.

Notes
Turn   | Place    | Note
-------+----------+-------------------------------------------
     0 | D:1      | Astera the Octopode Transmuter began the quest for the Orb.
     0 | D:1      | Reached XP level 1. HP: 13/13 MP: 3/3
   417 | D:1      | Reached XP level 2. HP: 18/18 MP: 3/5
   841 | D:1      | Reached skill level 1 in Stealth
  1068 | D:2      | Reached XP level 3. HP: 21/23 MP: 4/6
  1081 | D:2      | Noticed an ogre
  1802 | D:2      | Reached XP level 4. HP: 25/28 MP: 5/7
  3706 | D:3      | Reached XP level 5. HP: 31/33 MP: 6/8
  4201 | D:3      | Found a faded altar of an unknown god.
  4753 | D:4      | Noticed an ogre
  4786 | D:4      | Learned a level 3 spell: Spider Form
  4834 | D:4      | Learned a level 2 spell: Wereblood
  4883 | D:4      | Reached XP level 6. HP: 37/38 MP: 8/10
  5033 | D:4      | HP: 1/38 [worker ant (1)]
  5036 | D:4      | Gained mutation: You occasionally shout uncontrollably at
                  | your foes. [potion of mutation]
  5036 | D:4      | Gained mutation: You expend magic power (3 MP) to
                  | strengthen your wands. [potion of mutation]
  5036 | D:4      | Succumbed to a worker ant's poison

Illustrated notes

Levels and vault maps discovered:
D:1:      ncdulo_lavacross, layout_loops_cross
D:2:      layout_rooms, lightli_corner_chamber
D:3:      layout_loops_ring, chequers_ecumenical_altar_simple,
          portal_sewer_entry_f, minivault_14
D:4:      layout_basic, nemelex_altar_shiori

Skill      XL: |  1  2  3  4  5 |
---------------+----------------+-----
Stealth        | 1 2 3 4 |  4.0
Unarmed Combat | 4 |  4.2
Transmutations | 3 |  3.3
Fighting       | |  1.2
Dodging        | |  2.4
Spellcasting   | |  2.9

Action                   |  1- 3 |  4- 6 || total
-------------------------+-------+-------++-------
Melee: Unarmed           |    75 |   126 ||   201
       Kick              |    18 |    33 ||    51
       Tentacles         |    10 |    23 ||    33
       Constrict         |    12 |    32 ||    44
       Punch             |     2 |     4 ||     6
Throw: Boomerang         |       |     1 ||     1
 Cast: Beastly Appendage |    29 |    35 ||    64
       Wereblood         |       |     3 ||     3
       Spider Form       |       |     1 ||     1
  Use: Potion            |       |     2 ||     2
 Stab: Sleeping          |    10 |     7 ||    17
Armor: Skin              |     3 |     7 ||    10
Dodge: Dodged            |    39 |    74 ||   113

Table legend: (Time is in decaauts)
 A = Elapsed time spent in this place.
 B = Non-inter-level travel time spent in this place.
 C = Inter-level travel time spent in this place.
 D = Time resting spent in this place.
 E = Time spent auto-exploring this place.
 F = Levels seen in this place.
 G = Mean time per level.
                   A        B        C        D        E       F      G
               +--------+--------+--------+--------+--------+-----+--------+
         Total |   5030 |   4744 |    286 |   1886 |    932 |   4 | 1257.5 |
       Dungeon |   5030 |   4744 |    286 |   1886 |    932 |   4 | 1257.5 |
               +--------+--------+--------+--------+--------+-----+--------+

Top non-repeatable levels by time:
     D:1: 1819 daAuts
     D:2: 1726 daAuts
     D:3: 952 daAuts
     D:4: 532 daAuts
